 Dungeon Sprint DCSS version 0.30-a0-802-gb92711bcdf (webtiles) character file.

Game seed: 9712010214910461472

705 rocky1 the Thaumaturge (level 7, -2/46 HPs)
             Began as a Djinni Fire Elementalist on Feb 24, 2023.
             Slain by a shadow (30 damage)
             ... in the Dungeon (Sprint III: "The Ten Rune Challenge").
             The game lasted 00:02:19 (714 turns).

rocky1 the Thaumaturge (Djinni Fire Elementalist)    Turns: 714, Time: 00:02:19

Health: -2/46      AC:  4    Str:  7    XL:     7   Next: 99%
Gold:   53         EV: 13    Int: 19    God:
                   SH:  0    Dex: 13

rFire   + + .      SeeInvis .    q - +0 long sword (holy)
rCold   x . .      Faith    .    (no shield)
rNeg    . . .      Spirit   .    a - +0 robe
rPois   ∞          Reflect  .    (no helmet)
rElec   .          Harm     .    g - +1 cloak
rCorr   .          Rampage  .    (no gloves)
Will    .....      NoTele   +    (boots unavailable)
Stlth   +++                      (no amulet)
HPRegen 0.27/turn                (no ring)
MPRegen 0.00/turn                (no ring)

@: flying
A: sickness immunity, fire resistance 2, cold vulnerability 1, float, innate
caster, HP casting, extra vitality 1
a: no special abilities


You were in the Dungeon.
You visited 1 branch You collected 53 gold pieces.

Inventory:

Hand Weapons
 h - a +4 quarterstaff of chaos
 q - a +0 long sword of holy wrath (weapon)
Armour
 a - a +0 robe (worn)
 g - a +1 cloak (worn)
Wands
 r - a wand of flame (17)
Scrolls
 f - a scroll of blinking
 j - a scroll of torment {unknown}
 k - a scroll of identify {unknown}
 m - 3 scrolls of poison {unknown}
 n - a scroll of enchant armour {unknown}
Potions
 b - 3 potions of curing
 c - a potion of heal wounds
 d - a potion of haste
 e - a potion of berserk rage
 i - 2 potions of mutation {unknown}
 l - a potion of might {unknown}
 o - a potion of degeneration {unknown}
 p - a potion of attraction {unknown}


   Skills:
 + Level 0.8 Fighting
 + Level 4.9 Dodging
 + Level 4.2 Stealth
 + Level 11.9 Spellcasting


You knew the following spells:

 Your Spells              Type           Power      Damage    Failure   Level
a - Foxfire               Conj/Fire      100%       2x1d9     1%          1
b - Scorch                Fire           100%       2d10      1%          2
c - Kindle Blastsparks    Fire/Tloc/Air  100%       2d18      1%          3
d - Inner Flame           Hex/Fire       54%        N/A       1%          3
e - Flame Wave            Conj/Fire      54%        2d13      1%          4
f - Necrotise             Necr           100%       1d9       1%          1
g - Ensorcelled Hibernat  Hex/Ice        100%       N/A       1%          2
h - Momentum Strike       Conj/Tloc      100%       3d10      1%          2
Your spell library was empty.

Dungeon Overview and Level Annotations

Branches:
Dungeon (1/1)

Altars:
Dithmenos
Elyvilon
Ru
Yredelemnul
Zin
The Shining One


Innate Abilities, Weirdness & Mutations

You are immune to sickness and miasma.
You are immune to poison.
Your flesh is very heat resistant. (rF++)
You are vulnerable to cold. (rC-)
You float through the air rather than walking.
You learn spells naturally, not from books.
Your magical power is your life essence.
You have superior vitality. (+4 MHP)


Message History

You see here a necrophage corpse.
There is an open door here.
Things that are here:
a +0 dagger; a +0 robe You start resting.
HP restored.
You reach down and open the door.
A jelly comes into view.
The jelly quivers.
Casting: Scorch (safe; 1% risk of failure)
Confirm with . or Enter, or press ? or * to list all spells.
Flames lash the jelly.
The jelly is heavily wounded.
The jelly's fire resistance burns away.
Casting: Scorch (safe; 1% risk of failure)
Confirm with . or Enter, or press ? or * to list all spells.
Flames lash the jelly.
The jelly is burned terribly!
The jelly is almost dead.
A shadow comes into view.
The jelly hits you.
You are splashed with acid!
Casting: Scorch (safe; 1% risk of failure)
Confirm with . or Enter, or press ? or * to list all spells.
Flames lash the shadow.
The shadow is moderately damaged.
The shadow's fire resistance burns away.
The jelly barely misses you.
The shadow slips into darkness.
The shadow flickers and vanishes!
Deactivating autopickup; reactivate with Ctrl-A.
Casting: Scorch (safe; 1% risk of failure)
Confirm with . or Enter, or press ? or * to list all spells.
Flames lash the jelly.
The jelly is burned terribly!
You kill the jelly!
Casting: Scorch (safe; 1% risk of failure)
Confirm with . or Enter, or press ? or * to list all spells.
You can't see any susceptible monsters within range! (Use Z to cast anyway.)
You closely miss something.
The shadow strikes at you from the darkness!
Ouch! That really hurt!
You die...

▓▓ ▓▓▓ .♣♣ ♣.#####
#### ..♣ ♣.#___#
#__# ..♣♣ ♣.#...#
#†_#
.~.♣♣♣♣.###'#+###)##
~~♣..♣..#..........#
÷~~♣♣♣♣.'.⌠.....@..#
≈≈~~~♣♣.#...######'#
≈~~~....#.⌠.# ..#
~~~.....#...# ...#
~.......#)### #..J#
........#.:.# #...+
........#___# +...#
▓▓▓▓▓▓▓▓▓▓▓▓▓ ▓▓▓▓▓


There were no monsters in sight!

Vanquished Creatures
  A deep elf pyromancer (D)
  A necrophage (D)
  A water elemental (D)
  A jelly (D)
  Crazy Yiuf (D)
  Jessica (D)
  A wizard (D)
  A necromancer (D)
  A human (D)
  A kobold demonologist (D)
  An endoplasm (D)
  2 rats (D)
13 creatures vanquished.

Vanquished Creatures (others)
  17 foxfires (D)
17 creatures vanquished.

Grand Total: 30 creatures vanquished

Notes
Turn   | Place    | Note
-------+----------+-------------------------------------------
     0 | D        | rocky1 the Djinni Fire Elementalist began the quest for the
                  | Orb.
     0 | D        | rocky1 set off with the following spells memorised:
                  | Foxfire, Scorch, Kindle Blastsparks, Inner Flame, Flame
                  | Wave.
     0 | D        | Reached XP level 1. HP: 15/15 MP: 0/0
    11 | D        | Reached skill level 3 in Spellcasting
   134 | D        | Noticed Jessica
   138 | D        | Killed Jessica
   139 | D        | Reached skill level 4 in Spellcasting
   139 | D        | Reached XP level 2. HP: 19/21 MP: 0/0
   139 | D        | Reached XP level 3. HP: 22/25 MP: 0/0
   139 | D        | Learned a level 1 spell: Necrotise
   266 | D        | Reached skill level 5 in Spellcasting
   297 | D        | Noticed Crazy Yiuf
   306 | D        | Killed Crazy Yiuf
   307 | D        | Reached XP level 4. HP: 24/31 MP: 0/0
   360 | D        | Noticed a water elemental
   365 | D        | Killed a water elemental
   366 | D        | Reached skill level 7 in Spellcasting
   366 | D        | Reached XP level 5. HP: 18/35 MP: 0/0
   366 | D        | Learned a level 2 spell: Ensorcelled Hibernation
   579 | D        | Found a glowing silver altar of Zin.
   579 | D        | Found a glowing golden altar of the Shining One.
   579 | D        | Found a white marble altar of Elyvilon.
   579 | D        | Noticed a deep elf pyromancer
   582 | D        | Noticed a fire elemental
   582 | D        | Noticed a fire elemental
   584 | D        | Killed a deep elf pyromancer
   585 | D        | Reached skill level 11 in Spellcasting
   585 | D        | Reached XP level 6. HP: 27/41 MP: 0/0
   585 | D        | Reached XP level 7. HP: 30/46 MP: 0/0
   585 | D        | Learned a level 2 spell: Momentum Strike
   661 | D        | Found a basalt altar of Yredelemnul.
   661 | D        | Found a shadowy altar of Dithmenos.
   661 | D        | Found a sacrificial altar of Ru.
   711 | D        | Noticed a shadow
   714 | D        | Slain by a shadow

Illustrated notes

Levels and vault maps discovered:
D:        dungeon_sprint_mu [sprint_mu_entry_forest, sprint_mu_temple_rooms,
          sprint_mu_d1_spiders, sprint_mu_d2_genie, sprint_mu_d3_branching,
          sprint_mu_orc_legion, sprint_mu_elf_gauntlet, sprint_mu_hive_nellie,
          sprint_mu_lair_fedhas, sprint_mu_vaults_butterflies,
          sprint_mu_slime_circle, sprint_mu_swamp_cave, sprint_mu_shoals_archi,
          sprint_mu_blade_basic, sprint_mu_crypt_chambers,
          sprint_mu_tomb_spiral, sprint_mu_vestibule_basic,
          sprint_mu_gehenna_hellfire, sprint_mu_dis_giant,
          sprint_mu_tartarus_statrot, sprint_mu_cocytus_islands, sprint_mu_zot1]

Skill      XL: |  1  2  3  4  5 |
---------------+----------------+-----
Spellcasting   | 4 5 7 11 | 11.9
Dodging        | 3 4 |  4.9
Stealth        | 2 3 4 |  4.2
Fighting       | |  0.8

Action                     |  1- 3 |  4- 6 |  7- 9 || total
---------------------------+-------+-------+-------++-------
  Melee: Long sword        |       |       |     1 ||     1
   Cast: Foxfire           |    12 |       |       ||    12
         Scorch            |     6 |    13 |     8 ||    27
 Armour: Robe              |     1 |     1 |       ||     2
  Dodge: Dodged            |     2 |     2 |     1 ||     5

Table legend: (Time is in decaauts)
 A = Elapsed time spent in this place.
 B = Non-inter-level travel time spent in this place.
 C = Inter-level travel time spent in this place.
 D = Time resting spent in this place.
 E = Time spent auto-exploring this place.
 F = Levels seen in this place.
 G = Mean time per level.
                   A        B        C        D        E       F      G
               +--------+--------+--------+--------+--------+-----+--------+
         Total |    713 |    713 |      0 |    517 |      0 |   1 |  713.0 |
       Dungeon |    713 |    713 |      0 |    517 |      0 |   1 |  713.0 |
               +--------+--------+--------+--------+--------+-----+--------+

Top non-repeatable levels by time:
       D: 713 daAuts
